 Dungeon Crawl Stone Soup version 0.29-a0-284-gf9362112df (webtiles) character file.

Game seed: 13591496836461666716

1767 being54 the Cudgeller (level 9, -3/55 HPs)
             Began as a Gargoyle Fighter on Mar 16, 2022.
             Was an Initiate of Cheibriados.
             Slain by a wyvern (11 damage)
             ... on level 7 of the Dungeon.
             The game lasted 00:12:28 (4706 turns).

being54 the Cudgeller (Gargoyle Fighter)            Turns: 4706, Time: 00:12:29

Health: -3/55      AC: 22    Str: 25    XL:     9   Next: 7%
Magic:  9/9        EV:  7    Int: 10    God:    Cheibriados [......]
Gold:   423        SH:  5    Dex: 10    Spells: 8/8 levels left

rFire   . . .      SeeInvis .   a - +0 flail (protect)
rCold   . . .      Faith    .   c - +0 buckler
rNeg    + . .      Spirit   .   o - +0 plate armour
rPois   ∞          Reflect  .   u - +0 helmet
rElec   +          Harm     .   n - +0 cloak {rPois}
rCorr   .          Rampage  .   (no gloves)
Will    .....                   (no boots)
Stlth   ..........              i - amulet of regeneration
HPRegen 0.98/turn               (no ring)
MPRegen 0.11/turn               (no ring)

@: very slow
A: sickness immunity, AC +6, negative energy resistance 1, electricity
resistance, torment resistance 1, petrification resistance
a: Renounce Religion


You were on level 7 of the Dungeon.
You worshipped Cheibriados.
Cheibriados was noncommittal.
You visited 2 branches of the dungeon, and saw 8 of its levels.
You also visited: Sewer.

You collected 423 gold pieces.

Inventory:

Hand Weapons
 a - a +0 flail of protection (weapon)
Armour
 c - a +0 buckler (worn)
 n - a +0 cloak of poison resistance (worn)
 o - a +0 plate armour (worn)
 u - a +0 helmet (worn)
Jewellery
 i - an amulet of regeneration (around neck)
 r - a ring of protection from cold
 t - an amulet of reflection
Wands
 s - a wand of polymorph (21)
 v - a wand of paralysis (5)
Scrolls
 m - 3 scrolls of teleportation
 p - a scroll of fog
 w - a scroll of brand weapon
Potions
 b - a potion of brilliance {unknown}
 d - 2 potions of heal wounds {unknown}
 e - 3 potions of berserk rage
 f - 2 potions of lignification {unknown}
 g - 6 potions of degeneration {unknown}
 h - a potion of might
 j - a potion of haste {unknown}
 k - 3 potions of flight
 l - 5 potions of curing
 q - a potion of attraction {unknown}


   Skills:
 + Level 6.2 Fighting
 + Level 7.7 Maces & Flails
 + Level 6.9 Armour
 + Level 1.0 Dodging
 + Level 0.4 Stealth
 + Level 5.2 Shields
 + Level 0.5 Unarmed Combat


You had 8 spell levels left.
You didn't know any spells.
Your spell library contained the following spells:

 Spells                   Type           Power      Damage    Failure   Level
 Summon Small Mammal      Summ           0%         N/A       99%         1
 Call Canine Familiar     Summ           0%         N/A       100%        3
 Summon Guardian Golem    Hex/Summ       0%         N/A       100%        3
 Animate Dead             Necr           0%         N/A       100%        4
 Haunt                    Necr/Summ      0%         N/A       100%        7
 Infestation              Necr           0%         N/A       100%        8


Dungeon Overview and Level Annotations

Branches:
Dungeon (7/15)             Temple (1/1) D:6           Sewer (visited)

Altars:
Cheibriados
Dithmenos
Elyvilon
Fedhas
Gozag
Hepliaklqana
Kikubaaqudgha
Makhleb
Nemelex Xobeh
Okawaru
Qazlal
Ru
Sif Muna
Trog
Uskayaw
Wu Jian
Yredelemnul
Zin
The Shining One

Shops:
D:5 *   D:6 *


Innate Abilities, Weirdness & Mutations

You are immune to sickness and miasma.
Your stone body is resilient. (AC +6)
You are immune to poison.
You resist negative energy. (rN+)
You are resistant to electric shocks. (rElec)
You are resistant to unholy torment.
You are immune to petrification.


Message History

You hit the troll but do no damage.
The troll is moderately wounded.
The wyvern bites you. The troll closely misses you.
The troll claws you but does no damage. You block the troll's attack.
A sky beast comes into view.
The wyvern barely misses you. The troll attacks as you move away!
The troll bites you. The troll claws you.
The troll claws you but does no damage.
The wyvern bites you but does no damage.
The troll bites you. The troll barely misses you.
The troll claws you but does no damage. The wyvern bites you.
The hornet attacks as you move away!
The hornet stings you but does no damage.
The troll attacks as you move away! The troll bites you!
The troll claws you but does no damage. The troll claws you!
You block the wyvern's attack. You block the hornet's attack.
The wyvern bites you but does no damage.
The hornet stings you but does no damage.
You block the hornet's attack. The wyvern bites you!
* * * LOW HITPOINT WARNING * * *
You block the hornet's attack. The wyvern barely misses you.
The wyvern attacks as you move away! You block the wyvern's attack.
The hornet stings you but does no damage.
The wyvern bites you but does no damage.
The hornet attacks as you move away! You block the hornet's attack.
The wyvern bites you but does no damage.
The hornet stings you!
* * * LOW HITPOINT WARNING * * *
The wyvern bites you but does no damage.
The hornet stings you but does no damage.
The wyvern attacks as you move away!
The wyvern bites you but does no damage.
The hornet stings you but does no damage.
The wyvern barely misses you.
There is a stone staircase leading up here.
The hornet stings you.
* * * LOW HITPOINT WARNING * * *
The wyvern bites you!
You die...

.... .... ..... #####..... .##
#....... ..#. ##.#...
....##########.u#.##
...(.........Tl@..##########
##.#..........y##..........#
#..#........Y..............#
#.#.........†..#...........#
##..............#...........##
....$........................#
.....##########..#..........##
...#. #.............# .##..
#.............#


You could see a purple ugly thing, a troll, a hornet, a wyvern and a sky beast.

Vanquished Creatures
  Edmund (D:5)
  2 water moccasins
  2 ice beasts (D:6)
  A black bear (D:4)
  An ogre (D:5)
  A phantom (D:7)
  A bullfrog (D:7)
  2 necrophages
  3 scorpions
  3 jellies
  3 orc priests
  A gnoll shaman (D:5)
  3 iguanas (D:5)
  Ijyb (D:5)
  5 orc wizards
  4 gnolls (D:5)
  9 adders
  A white imp (D:4)
  An ufetubus (D:4)
  4 worms
  10 orcs
  10 endoplasms
  4 giant cockroaches (D:4)
  3 goblins
  3 hobgoblins
  3 jackals (D:1)
  3 quokkas
  8 ball pythons
  6 bats (Sewer)
  A frilled lizard (D:1)
  9 kobolds
  4 rats
  A spectral orc (D:5)
114 creatures vanquished.

Notes
Turn   | Place    | Note
-------+----------+-------------------------------------------
     0 | D:1      | being54 the Gargoyle Fighter began the quest for the Orb.
     0 | D:1      | Reached XP level 1. HP: 14/14 MP: 1/1
   237 | D:1      | Reached XP level 2. HP: 17/19 MP: 2/2
   686 | D:1      | Found a faded altar of an unknown god.
  1173 | D:2      | Reached XP level 3. HP: 22/24 MP: 3/3
  1748 | D:3      | Reached XP level 4. HP: 29/29 MP: 4/4
  2129 | D:4      | Reached skill level 3 in Maces & Flails
  2133 | D:4      | Noticed a black bear
  2138 | D:4      | Killed a black bear
  2139 | D:4      | Reached XP level 5. HP: 33/33 MP: 5/5
  2200 | D:4      | Found a glowing drain.
  2228 | Sewer    | Entered a sewer
  2262 | Sewer    | Noticed a water moccasin
  2304 | Sewer    | Killed a water moccasin
  2305 | Sewer    | Reached skill level 4 in Maces & Flails
  2305 | Sewer    | Reached skill level 5 in Armour
  2305 | Sewer    | Reached XP level 6. HP: 19/38 MP: 6/6
  2492 | D:4      | Found a shimmering blue altar of Sif Muna.
  2756 | D:4      | Reached XP level 7. HP: 28/43 MP: 7/7
  2894 | D:4      | Reached skill level 5 in Maces & Flails
  2917 | D:4      | Reached skill level 5 in Fighting
  3156 | D:5      | Entered Level 5 of the Dungeon
  3234 | D:5      | Found Tuwos's Fire Supplies.
  3297 | D:5      | Noticed Edmund
  3302 | D:5      | Noticed Ijyb
  3308 | D:5      | Killed Edmund
  3324 | D:5      | Killed Ijyb
  3369 | D:5      | Reached XP level 8. HP: 43/50 MP: 8/8
  3420 | D:5      | Reached skill level 6 in Maces & Flails
  3599 | D:5      | Found a basalt altar of Yredelemnul.
  3652 | D:5      | Found a faded altar of an unknown god.
  3652 | D:5      | Found a snail-covered altar of Cheibriados.
  3660 | D:5      | Found a stormy altar of Qazlal.
  3662 | D:5      | Found a sparkling altar of Nemelex Xobeh.
  3664 | D:5      | Found an ancient bone altar of Kikubaaqudgha.
  3676 | D:5      | Became a worshipper of Cheibriados the Contemplative
  3948 | D:6      | Found Nuedaesk's Assorted Antiques.
  3965 | D:6      | Reached skill level 5 in Shields
  4178 | D:6      | Reached skill level 7 in Maces & Flails
  4178 | D:6      | Reached skill level 1 in Dodging
  4414 | D:6      | Found a staircase to the Ecumenical Temple.
  4539 | Temple   | Entered the Ecumenical Temple
  4625 | D:7      | Reached XP level 9. HP: 54/55 MP: 9/9
  4687 | D:7      | Noticed a troll
  4691 | D:7      | Noticed a purple ugly thing
  4692 | D:7      | Noticed a hornet
  4706 | D:7      | Slain by a wyvern

Illustrated notes

Levels and vault maps discovered:
D:1:      dpeg_arrival_windows_large_door, layout_loops_cross,
          hellmonk_ecumenical_altar_leap_of_faith
D:2:      layout_loops_ring, minmay_indecisive_spiral
D:3:      layout_rooms, kennysheep_minor_cross, grunt_decor_arrowhead
D:4:      layout_basic, mainiacjoe_overflow_alcove_2,
          cheibrodos_sewer_entry_bend, kennysheep_small_spiral
D:5:      layout_loops_cross, chequers_temple_overflow_minitemple,
          yredelemnul_forgotten_temple_becter, nicolae_shop_fire_sale
          [nicolae_sub_dead_trees], uniq_edmund, uniq_ijyb
D:6:      layout_cave_pools, minmay_temple_entry_drinking_statues, serial_shops,
          nicolae_stop_n_shop_2
D:7:      gammafunk_beogh_shrine, layout_rooms, minmay_manual_mess, uniq_pikel
Temple:   cyrus_circular_temple

Skill      XL: |  1  2  3  4  5  6  7  8 |
---------------+-------------------------+-----
Armour         | 4 5 6 |  6.9
Maces & Flails | 3 4 5 7 |  7.7
Fighting       | 4 5 6 |  6.2
Shields        | 4 5 |  5.2
Dodging        | 1 |  1.0
Stealth        | |  0.4
Unarmed Combat | |  0.5

Action                   |  1- 3 |  4- 6 |  7- 9 || total
-------------------------+-------+-------+-------++-------
Melee: Flail             |    97 |   192 |   262 ||   551
       Unarmed           |       |       |    11 ||    11
  Use: Scroll            |     1 |     4 |     4 ||     9
       Potion            |       |       |     1 ||     1
Armor: Scale mail        |    18 |       |       ||    18
       Chain mail        |    32 |    15 |       ||    47
       Plate armour      |       |   138 |   254 ||   392
       Skin              |       |       |     2 ||     2
Dodge: Dodged            |    31 |    47 |    80 ||   158
Block: Buckler           |    18 |    51 |    62 ||   131

Table legend: (Time is in decaauts)
 A = Elapsed time spent in this place.
 B = Non-inter-level travel time spent in this place.
 C = Inter-level travel time spent in this place.
 D = Time resting spent in this place.
 E = Time spent auto-exploring this place.
 F = Levels seen in this place.
 G = Mean time per level.
                   A        B        C        D        E       F      G
               +--------+--------+--------+--------+--------+-----+--------+
         Total |   5083 |   4729 |    354 |    183 |   3420 |   9 |  564.8 |
       Dungeon |   4852 |   4513 |    339 |    163 |   3339 |   7 |  693.1 |
        Temple |     73 |     59 |     14 |      0 |     50 |   1 |   73.0 |
         Sewer |    158 |    158 |      0 |     20 |     30 |   1 |  158.0 |
               +--------+--------+--------+--------+--------+-----+--------+

Top non-repeatable levels by time:
     D:1: 970 daAuts
     D:4: 942 daAuts
     D:5: 870 daAuts
     D:6: 781 daAuts
     D:2: 671 daAuts
     D:3: 510 daAuts
   Sewer: 158 daAuts
     D:7: 106 daAuts
  Temple: 73 daAuts
